[Event "ICC tourney 1921 (15 5)"]
[Site "Internet Chess Club"]
[Date "2020.07.17"]
[Round "1"]
[White "poohfur"]
[Black "che8642"]
[Result "1-0"]
[ICCResult "Black checkmated"]
[WhiteElo "1447"]
[BlackElo "1411"]
[Opening "Sicilian: Kan, Maróczy bind (Réti variation)"]
[ECO "B41"]
[NIC "SI.41"]
[Time "12:08:19"]
[TimeControl "900+5"]

1. e4 c5 2. Nf3 e6 3. d4 cxd4 4. Nxd4 a6 5. c4 Bc5 6. Be3 Qb6 7. Qd2 Nf6 8.
f3 Nc6 9. Nc2 Bxe3 10. Nxe3 O-O 11. Nc3 Nb4 12. Rc1 d6 13. Be2 Nc6 14. O-O
Nd4 15. Kh1 Nxe2 16. Nxe2 e5 17. Ng3 g6 18. Nef5 Bxf5 19. Nxf5 d5 20. Ne7+
Kg7 21. Nxd5 Nxd5 22. cxd5 Rfd8 23. Qc3 Qd6 24. f4 f6 25. Qc7+ Kh8 26. Qxb7
exf4 27. Rc7 Qf8 28. Rxh7+ Kg8 29. Rf3 Rac8 30. Rh8+ Kxh8 31. Rh3+ Qh6 32.
Rxh6+ Kg8 33. Rxg6+ Kf8 34. Rxf6+ Kg8 35. Qf7+ Kh8 36. Rh6# {Black
checkmated} 1-0

[Event "ICC tourney 1921 (15 5)"]
[Site "Internet Chess Club"]
[Date "2020.07.17"]
[Round "1"]
[White "imranchamp"]
[Black "espark"]
[Result "0-1"]
[ICCResult "White checkmated"]
[WhiteElo "1449"]
[BlackElo "1588"]
[Opening "Robatsch (modern) defense"]
[ECO "B06"]
[NIC "KF.06"]
[Time "12:08:12"]
[TimeControl "900+5"]

1. e4 g6 2. Nf3 Bg7 3. Bc4 d6 4. c3 Nf6 5. d3 O-O 6. O-O c6 7. Nbd2 Nbd7 8.
Re1 Qc7 9. Nf1 b5 10. Bb3 Bb7 11. Ng3 e5 12. h3 Rad8 13. Be3 a6 14. Rc1 c5
15. Bc2 Rfe8 16. Nd2 d5 17. d4 dxe4 18. Ndxe4 Nxe4 19. Nxe4 exd4 20. cxd4
Bxe4 21. Bxe4 Rxe4 22. dxc5 Ne5 23. Qc2 Red4 24. Bxd4 Rxd4 25. Rcd1 Rc4 26.
Qd2 h5 27. Qd8+ Qxd8 28. Rxd8+ Kh7 29. Rd6 Rxc5 30. Rxa6 Rc2 31. f3 Rxb2 32.
Rd1 Bh6 33. Re1 Nd3 34. Re7 Rb1+ 35. Kh2 Bf4+ 36. g3 Rb2+ 37. Kh1 Bxg3 38.
Rxf7+ Kh6 39. Rff6 Nf4 40. a4 Rb1# {White checkmated} 0-1

[Event "ICC tourney 1921 (15 5)"]
[Site "Internet Chess Club"]
[Date "2020.07.17"]
[Round "1"]
[White "Geode"]
[Black "sgangavarapu"]
[Result "0-1"]
[ICCResult "White resigns"]
[WhiteElo "1317"]
[BlackElo "1483"]
[Opening "Sicilian: Najdorf, Opocensky variation"]
[ECO "B92"]
[NIC "SI.11"]
[Time "12:08:18"]
[TimeControl "900+5"]

1. e4 c5 2. Nf3 d6 3. d4 cxd4 4. Nxd4 Nf6 5. Nc3 a6 6. Be2 e5 7. Nb3 Be7 8.
Be3 O-O 9. O-O Nbd7 10. f4 b5 11. a3 Bb7 12. Bd3 exf4 13. Bxf4 Qb6+ 14. Kh1
Ne5 15. Qe2 Rfe8 16. Be3 Qc7 17. Rac1 Bf8 18. Qf2 Neg4 19. Qg3 Nxe3 20. Rxf6
Qe7 21. Rf2 Nc4 22. Bxc4 bxc4 23. Nd2 Kh8 24. Rcf1 f6 25. Nxc4 Bxe4 26. Nxe4
Qxe4 27. Nxd6 Bxd6 28. Qxd6 Re6 29. Qd2 Rae8 30. h3 h6 31. Rc1 Qh4 32. Rf4
Qg3 33. Rff1 Re2 34. Qd5 R8e4 35. Rg1 R4e3 36. Qd8+ Kh7 37. Qc8 Re5 38. Rcf1
Rh5 39. Rf3 Qe5 40. Qg4 Rg5 41. Qf4 Qxf4 42. Rxf4 Rxc2 43. Rb4 a5 44. Rb3
Rf5 45. Rd1 Rff2 46. Rb5 Rxg2 47. Rxa5 Rxb2 48. Ra7 Rh2+ 49. Kg1 Rxh3 50.
Rdd7 Rg3+ 51. Kf1 h5 52. a4 Ra2 53. Rd5 Kh6 54. Ra8 Rb3 55. Ke1 Rh3 56. Rf5
Rh1+ 57. Rf1 Ra1+ 58. Ke2 Rhxf1 {White resigns} 0-1

[Event "ICC tourney 1921 (15 5)"]
[Site "Internet Chess Club"]
[Date "2020.07.17"]
[Round "1"]
[White "Averyyu321"]
[Black "RobloxMadCity"]
[Result "0-1"]
[ICCResult "White forfeits on time"]
[WhiteElo "1224"]
[BlackElo "1433"]
[Opening "Sicilian: Nimzovich-Rossolimo attack (without ...d6)"]
[ECO "B30"]
[NIC "SI.31"]
[Time "12:08:39"]
[TimeControl "900+5"]

1. e4 c5 2. Nf3 Nc6 3. Bb5 d6 4. Bxc6+ bxc6 5. Nc3 e5 6. d3 Ne7 7. O-O g6 8.
Be3 f5 9. Qe2 Bg7 10. Rfd1 f4 11. Bd2 O-O 12. a3 h6 13. Rab1 g5 14. b4 cxb4
15. axb4 g4 16. Ne1 f3 17. Qe3 fxg2 18. Nxg2 Rf3 19. Qe2 Ng6 20. Rf1 Nh4 21.
Nxh4 Qxh4 22. Nd1 Rh3 {White forfeits on time} 0-1

[Event "ICC tourney 1921 (15 5)"]
[Site "Internet Chess Club"]
[Date "2020.07.17"]
[Round "1"]
[White "Knightboy123"]
[Black "WCCJCB"]
[Result "0-1"]
[ICCResult "White checkmated"]
[WhiteElo "1397"]
[BlackElo "1521"]
[Opening "Caro-Kann defense"]
[ECO "B15"]
[NIC "CK.05"]
[Time "12:08:30"]
[TimeControl "900+5"]

1. e4 c6 2. d4 d5 3. Nc3 dxe4 4. Nxe4 Nf6 5. Ng3 c5 6. Nf3 Nc6 7. Bb5 Qa5+
8. c3 Qxb5 9. dxc5 Qxc5 10. O-O e6 11. Be3 Qd6 12. Qe2 Be7 13. Rad1 Qc7 14.
Nd4 Nxd4 15. Bxd4 O-O 16. Rfe1 Bd7 17. Qd3 Bc6 18. b4 Rad8 19. Qc2 b6 20.
Qe2 Qb7 21. Nf5 exf5 22. Qxe7 Qxe7 23. Rxe7 Nd5 24. Ree1 Rfe8 25. Rxe8+ Rxe8
26. Kf1 Nf4 27. g3 Bb5+ 28. Kg1 Ne2+ 29. Kg2 Rd8 30. Rd2 Nxd4 31. cxd4 g6
32. Kf3 Kg7 33. Ke3 Re8+ 34. Kf3 Bc6+ 35. Kf4 Kf6 36. g4 g5+ 37. Kg3 f4+ 38.
Kh3 Bf3 39. Rc2 h5 40. Rc6+ Bxc6 41. gxh5 Bf3 42. h6 Rh8 43. h7 Rxh7#
{White checkmated}
0-1

[Event "ICC tourney 1921 (15 5)"]
[Site "Internet Chess Club"]
[Date "2020.07.17"]
[Round "1"]
[White "harkerchess"]
[Black "Roger436"]
[Result "1-0"]
[ICCResult "Black forfeits on time"]
[WhiteElo "1479"]
[BlackElo "1345"]
[Opening "Trompowsky attack (Ruth, Opocenský opening)"]
[ECO "A45"]
[NIC "QP.07"]
[Time "12:08:33"]
[TimeControl "900+5"]

1. d4 Nf6 2. Bg5 g6 3. Bxf6 exf6 4. c4 Bg7 5. Nc3 O-O 6. g3 d6 7. Bg2 Nc6 8.
e3 Re8 9. Nge2 f5 10. O-O Bd7 11. Rb1 a5 12. a3 a4 13. b4 axb3 14. Rxb3 Na5
15. Rb4 Bc6 16. Nd5 b6 17. Qd3 Bb7 18. Rc1 Bf8 19. Rb2 Ba6 20. Nef4 Rb8 21.
Nb4 Bb7 22. Bf1 Be4 23. Qe2 Bg7 24. Ra2 Bb7 25. Rd1 h5 26. c5 bxc5 27. dxc5
Qe7 28. cxd6 cxd6 29. Rad2 Red8 30. Nbd5 Qg5 31. h4 Qh6 32. Ne7+ Kh8 33.
Rxd6 Rxd6 34. Rxd6 Re8 35. Nxf5 Qh7 36. Nxg7 Qxg7 37. Qb5 Re5 38. Qb6
{Black forfeits on time}
1-0

[Event "ICC tourney 1921 (15 5)"]
[Site "Internet Chess Club"]
[Date "2020.07.17"]
[Round "1"]
[White "SuperBlueSky"]
[Black "LChessMaster"]
[Result "1-0"]
[ICCResult "Black checkmated"]
[WhiteElo "1573"]
[BlackElo "1598"]
[Opening "Grünfeld: modern exchange variation"]
[ECO "D85"]
[NIC "GI.04"]
[Time "12:08:13"]
[TimeControl "900+5"]

1. d4 Nf6 2. c4 g6 3. Nc3 d5 4. cxd5 Nxd5 5. e4 Nxc3 6. bxc3 Bg7 7. Nf3 O-O
8. Be3 c5 9. Qd2 cxd4 10. cxd4 Nc6 11. Rc1 Bg4 12. d5 Bxf3 13. gxf3 Ne5 14.
Be2 Qd7 15. h3 f5 16. f4 Nf7 17. e5 e6 18. d6 Rfc8 19. O-O a6 20. Bf3 g5 21.
Bh5 h6 22. Bxf7+ Kxf7 23. Qa5 Kg6 24. Kh2 g4 25. hxg4 fxg4 26. Rg1 h5 27. f3
Rxc1 28. Bxc1 Qc6 29. fxg4 hxg4 30. Rxg4+ Kf5 31. Rg5+ Ke4 32. Qb4+ Kd5 33.
Qd2+ Ke4 34. Qg2+ Kd3 35. Qxc6 Rh8+ 36. Kg3 bxc6 37. Rxg7 c5 38. Rc7 c4 39.
d7 Rd8 40. Ba3 c3 41. Be7 Rg8+ 42. Kf3 c2 43. d8=Q+ Rxd8 44. Bxd8 a5 45. Rc6
a4 46. Ba5 a3 47. Bb4 c1=Q 48. Rxc1 Kd4 49. Bxa3 Kd3 50. Rd1+ Kc2 51. Rd6
Kc3 52. Rxe6 Kd4 53. f5 Kc3 54. f6 Kc2 55. f7 Kb1 56. f8=Q Ka1 57. Bb2+ Kb1
58. Qf5+ Kxa2 59. Ra6+ Kxb2 60. Qc8 Kb3 61. Rb6+ Ka3 62. Qa6# {Black
checkmated} 1-0

[Event "ICC tourney 1921 (15 5)"]
[Site "Internet Chess Club"]
[Date "2020.07.17"]
[Round "1"]
[White "ryanwang"]
[Black "JadeTooth"]
[Result "1-0"]
[ICCResult "Black forfeits on time"]
[WhiteElo "1481"]
[BlackElo "1241"]
[Opening "Ruy Lopez: Berlin defense, open variation"]
[ECO "C67"]
[NIC "RL.07"]
[Time "12:08:30"]
[TimeControl "900+5"]

1. e4 e5 2. Nf3 Nc6 3. Bb5 Nf6 4. O-O Nxe4 5. d4 exd4 6. Re1 d5 7. Nxd4 a6
8. Ba4 b5 9. Nxc6 Qf6 10. Qf3 Qxc6 11. Bb3 Be6 12. Nc3 Nxc3 13. bxc3 Be7 14.
Ba3 Rd8 15. Bxe7 Kxe7 16. Rad1 Kd6 17. h3 Rd7 18. Qg3+ Ke7 19. Qxg7 Rhd8 20.
f4 Qb6+ 21. Kh1 Qc6 22. f5 Kd6 23. Qe5+ Ke7 24. fxe6 fxe6 25. Qg5+ Ke8 26.
Qf6 Re7 27. Rd3 Qd6 28. Rde3 Kd7 29. Qe5 Rde8 30. Qxd6+ cxd6 31. a4 e5 32.
axb5 axb5 33. Bxd5 Kc7 34. c4 bxc4 35. Bxc4 Kc6 36. Bd3 Kd5 37. Be4+ Kc5 38.
Rd1 {Black forfeits on time} 1-0

[Event "ICC tourney 1921 (15 5)"]
[Site "Internet Chess Club"]
[Date "2020.07.17"]
[Round "1"]
[White "natez"]
[Black "pangpangba"]
[Result "0-1"]
[ICCResult "White resigns"]
[WhiteElo "1567"]
[BlackElo "1403"]
[Opening "Queen's pawn game, Rubinstein (Colle-Zukertort) variation"]
[ECO "D05"]
[NIC "QP.06"]
[Time "12:08:16"]
[TimeControl "900+5"]

1. d4 Nf6 2. Nf3 e6 3. e3 d5 4. Bd3 c5 5. b3 Nc6 6. Bb2 a6 7. O-O Be7 8.
Nbd2 O-O 9. Ne5 cxd4 10. exd4 h6 11. f4 Qc7 12. c3 Nxe5 13. fxe5 Nd7 14. Qh5
b5 15. Rf3 Bg5 16. Nf1 g6 17. Qg4 f5 18. exf6 Nxf6 19. Qg3 Qxg3 20. Rxg3 Nh5
21. Bxg6 Nxg3 22. Nxg3 Kg7 23. Bd3 Bb7 24. Ba3 Rf7 25. Bd6 Bd2 26. Be5+ Kg8
27. Bg6 Rff8 28. Rd1 Be3+ 29. Kh1 Bf4 30. Nh5 Bxe5 31. dxe5 d4 32. Nf6+ Kg7
33. Bh5 Rfd8 34. cxd4 Rac8 35. Bf3 Bxf3 36. gxf3 Rc2 37. a4 bxa4 38. bxa4
Rc4 39. d5 exd5 40. Rxd5 Rxd5 41. Nxd5 Rxa4 42. e6 Kf8 43. Kg2 Rd4 44. e7+
Ke8 45. Ne3 Rd2+ 46. Kg3 Kxe7 47. Nf5+ Kf6 48. Nxh6 a5 49. Ng4+ Ke6 50. Ne3
Rd3 51. Nc4 a4 52. Nb2 Rd4 53. h4 a3 54. h5 axb2 55. h6 b1=Q {White resigns}
0-1

[Event "ICC tourney 1921 (15 5)"]
[Site "Internet Chess Club"]
[Date "2020.07.17"]
[Round "1"]
[White "Aryangambit"]
[Black "Mulan2009"]
[Result "1-0"]
[ICCResult "Black resigns"]
[WhiteElo "1777"]
[BlackElo "1606"]
[Opening "French: Schlechter variation"]
[ECO "C01"]
[NIC "FR.01"]
[Time "12:08:24"]
[TimeControl "900+5"]

1. e4 e6 2. d4 d5 3. Bd3 dxe4 4. Bxe4 f5 5. Bd3 Nf6 6. Nf3 Bd6 7. O-O O-O 8.
Re1 Nc6 9. Bc4 Ne4 10. Nbd2 Nxd2 11. Bxd2 Qf6 12. Bc3 Bb4 13. Bxb4 Nxb4 14.
c3 Nc6 15. b4 a6 16. Qb3 Re8 17. a4 Bd7 18. Re2 Re7 19. Rae1 Rae8 20. Qa2
Nd8 21. Ne5 Bc8 22. Bb3 Nf7 23. Nxf7 Kxf7 24. Re5 g6 25. Qe2 c6 26. f3 Bd7
27. Qe3 Kg7 28. Qf4 g5 29. Qg3 h6 30. h4 Kg6 31. Bc2 Kf7 32. h5 Kg7 33. Qf2
Qf7 34. Qe2 Rf8 35. Bxf5 Qxh5 36. Bxe6 Bxe6 37. Rxe6 Rxe6 38. Qxe6 Qf7 39.
Qxf7+ Rxf7 40. Re6 Rf6 41. Rxf6 Kxf6 42. Kf2 Ke6 43. c4 b5 44. axb5 axb5 45.
d5+ cxd5 46. cxb5 Kd6 47. Ke3 Kc7 48. Kd4 Kb6 49. Kxd5 Kxb5 50. Ke5 Kxb4 51.
Kf5 Kc4 52. Kg6 Kd4 53. Kxh6 Ke3 54. Kxg5 Kf2 55. f4 Kxg2 56. f5 Kg3 57. f6
Kf3 58. f7 Kg3 59. f8=Q Kh2 60. Qa3 Kg1 61. Qb2 Kh1 62. Kg4 Kg1 63. Kg3
{Black resigns}
1-0

[Event "ICC tourney 1921 (15 5)"]
[Site "Internet Chess Club"]
[Date "2020.07.17"]
[Round "1"]
[White "siddhu25"]
[Black "gmcarebear999"]
[Result "0-1"]
[ICCResult "White forfeits on time"]
[WhiteElo "1472"]
[BlackElo "1390"]
[Opening "Sicilian: dragon, 6.Be3"]
[ECO "B72"]
[NIC "SI.16"]
[Time "12:08:31"]
[TimeControl "900+5"]

1. e4 c5 2. Nf3 d6 3. d4 cxd4 4. Nxd4 Nf6 5. Nc3 g6 6. Be3 Bg7 7. Bc4 O-O 8.
Bb3 Ng4 9. O-O Nxe3 10. fxe3 Nc6 11. Kh1 Qa5 12. Nd5 Qd8 13. Qd2 e6 14. Nc3
Qe7 15. Rad1 Rd8 16. Qf2 Ne5 17. h3 b6 18. Rd2 Bb7 19. Rfd1 a6 20. Nde2 Rac8
21. Qg3 b5 22. a3 Rc5 23. Ba2 a5 24. b4 axb4 25. axb4 Rcc8 26. Nxb5 Rc6 27.
c4 Ba6 28. Ned4 Rb6 29. Bb3 Nd7 30. Nc7 Be5 31. Qf2 Nf6 32. Nxa6 Rxa6 33.
Qf3 Qb7 34. b5 Rb6 35. Bc2 Bxd4 36. exd4 Nd7 37. Rf2 Rf8 38. Rdf1 e5 39. Bb3
exd4 40. c5 Nxc5 41. Bxf7+ Rxf7 42. Qxf7+ Qxf7 43. Rxf7 d3 44. Rc7 Rxb5 45.
Rd1 Rb2 {White forfeits on time} 0-1

[Event "ICC tourney 1921 (15 5)"]
[Site "Internet Chess Club"]
[Date "2020.07.17"]
[Round "1"]
[White "mutantpenguin"]
[Black "HenriVZ"]
[Result "0-1"]
[ICCResult "White checkmated"]
[WhiteElo "1297"]
[BlackElo "1490"]
[Opening "Bird's opening"]
[ECO "A03"]
[NIC "VO.07"]
[Time "12:08:18"]
[TimeControl "900+5"]

1. f4 d5 2. Nf3 Nf6 3. g3 c5 4. Bg2 Bf5 5. O-O Nc6 6. d4 e6 7. e3 Bd6 8. Nc3
O-O 9. b3 a6 10. Ba3 cxd4 11. Bxd6 Qxd6 12. Nxd4 Nxd4 13. exd4 Rac8 14. Qe1
Bxc2 15. Rc1 Bd3 16. Rf3 Be4 17. Nxe4 Nxe4 18. Re3 Rxc1 19. Qxc1 f5 20. Bxe4
dxe4 21. Qc3 Rd8 22. Kf2 Qxd4 23. Qxd4 Rxd4 24. Re2 Kf7 25. Rc2 Ke8 26. Ke3
Rd3+ 27. Ke2 Kd7 28. Rc4 Rd6 29. h3 Rd3 30. Kf2 Rd2+ 31. Kg1 Rxa2 32. Rd4+
Kc7 33. Rc4+ Kb8 34. Rd4 Rb2 35. Rd7 Rxb3 36. Rxg7 Rf3 37. Kg2 a5 38. Rg8+
Ka7 39. Re8 a4 40. Rxe6 a3 41. Re5 b6 42. Rxf5 Ka6 43. Rf8 b5 44. Ra8+ Kb6
45. f5 b4 46. Rb8+ Kc5 47. Rc8+ Kd4 48. Rd8+ Kc3 49. Rc8+ Kb2 50. Rf8 a2 51.
Ra8 a1=Q 52. Rxa1 Kxa1 53. g4 b3 54. f6 b2 55. f7 b1=Q 56. f8=Q Rxf8 57. Kg3
Qe1+ 58. Kg2 Qf2+ 59. Kh1 e3 60. h4 e2 61. g5 e1=R# {White checkmated} 0-1

[Event "ICC tourney 1921 (15 5)"]
[Site "Internet Chess Club"]
[Date "2020.07.17"]
[Round "1"]
[White "guineapig25"]
[Black "Kinawa"]
[Result "1-0"]
[ICCResult "Black forfeits on time"]
[WhiteElo "1592"]
[BlackElo "1414"]
[Opening "Caro-Kann: Steinitz variation"]
[ECO "B17"]
[NIC "CK.05"]
[Time "12:08:13"]
[TimeControl "900+5"]

1. e4 c6 2. d4 d5 3. Nc3 dxe4 4. Nxe4 Nd7 5. Ng5 Ngf6 6. Bd3 e6 7. N1f3 Bd6
8. Qe2 Nb6 9. Bd2 Qc7 10. O-O-O h6 11. Ne4 Nxe4 12. Qxe4 Bd7 13. Ne5 Rf8 14.
Kb1 O-O-O 15. Nxd7 Rxd7 16. Rhe1 Rfd8 17. Be3 c5 18. Bb5 Re7 19. dxc5 Bxc5
20. Rxd8+ Kxd8 21. Bf4 Bd6 22. Rd1 Nd5 23. Bxd6 Qxd6 24. Qe2 a6 25. Ba4 Qb4
26. Bb3 Kc8 27. a3 Qc5 28. g3 Nf6 29. f4 Rd7 30. Re1 Nd5 31. Qf3 Nb6 32. Ka2
Rd2 33. Re3 Kb8 34. Rc3 Qd4 35. f5 Nd5 36. Bxd5 exd5 37. Qh5 Qf6 38. Qg4 Rd4
39. Qf3 Qe5 40. h3 Re4 41. Rd3 d4 42. g4 Qd5+ 43. Rb3 Qe5 44. Qf1 Re3 45.
Qc4 Rxb3 46. cxb3 f6 47. Qg8+ Ka7 48. Qxg7 d3 49. Qd7 Qe3 50. a4 d2 51. a5
Qf2 52. Qd5 Qe3 53. b4 Qf2 54. Qd3 Qe1 55. Qd4+ Ka8 56. Qd8+ Ka7 57. Qb6+
Ka8 58. Qd8+ Ka7 59. b5 axb5 60. Qb6+ Ka8 61. Qd8+ Ka7 62. Qd4+ Ka8 63. Qd8+
Ka7 64. Qb6+ Ka8 65. a6 {Black forfeits on time} 1-0

[Event "ICC tourney 1921 (15 5)"]
[Site "Internet Chess Club"]
[Date "2020.07.17"]
[Round "1"]
[White "LionMate"]
[Black "AwarePiece"]
[Result "0-1"]
[ICCResult "White forfeits on time"]
[WhiteElo "1310"]
[BlackElo "1532"]
[Opening "Scotch: Mieses variation"]
[ECO "C45"]
[NIC "SO.04"]
[Time "12:08:30"]
[TimeControl "900+5"]

1. e4 e5 2. Nf3 Nc6 3. d4 exd4 4. Nxd4 Nf6 5. Nxc6 bxc6 6. e5 Qe7 7. Qe2 Nd5
8. c4 Nb6 9. b3 d5 10. Bb2 Be6 11. cxd5 cxd5 12. Nd2 Qd7 13. h3 c5 14. Qa6
Qc8 15. Rc1 Be7 16. Bb5+ Bd7 17. Qxc8+ Rxc8 18. Bxd7+ Kxd7 19. O-O Rhf8 20.
Rfe1 Rc6 21. f4 f6 22. Nf3 Rcc8 23. e6+ Kd6 24. Ba3 Rc7 25. b4 Nc4 26. bxc5+
Kc6 27. Nd4+ Kb7 28. c6+ Ka6 29. Bxe7 Rxe7 30. Rb1 Na5 31. Re3 Nc4 32. Reb3
Rc8 33. Rb4 Ka5 34. Rb5+ Ka6 35. R1b4 Nb6 36. Nb3 Rxc6 37. Ra5+ Kb7 38. Nc5+
Kb8 39. f5 Kc8 40. Kh2 Kd8 41. Na4 Rb7 42. Rxd5+ Ke7 43. Nxb6 axb6 44. Rbd4
Rcc7 45. Rd6 g6 46. g4 Rc2+ 47. Rd2 Rxd2+ 48. Rxd2 Rc7 49. a4 Ra7 50. Rd4
Rc7 51. Kg3 Rc3+ 52. Kg2 Rc2+ 53. Kf1 gxf5 54. gxf5 Rc3 55. Rd7+ Ke8 56.
Rxh7 Rf3+ 57. Kg2 Rxf5 58. Rf7 Rf4 59. Kg3 Rxa4 60. Rxf6 Ke7 61. Rh6 b5 62.
h4 b4 63. Rh7+ Kxe6 64. Rb7 Kd5 65. h5 Kc4 66. h6 Ra8 67. h7 Rh8 68. Kf2 b3
69. Ke2 Kc3 70. Kd1 Kb2 {White forfeits on time} 0-1

[Event "ICC tourney 1921 (15 5)"]
[Site "Internet Chess Club"]
[Date "2020.07.17"]
[Round "1"]
[White "lukeye"]
[Black "VianYang"]
[Result "1-0"]
[ICCResult "Black checkmated"]
[WhiteElo "1846"]
[BlackElo "1415"]
[Opening "Sicilian: Najdorf"]
[ECO "B90"]
[NIC "SI.14"]
[Time "12:20:56"]
[TimeControl "900+5"]

1. e4 c5 2. Nf3 d6 3. d4 cxd4 4. Nxd4 Nf6 5. Nc3 a6 6. f3 e5 7. Nb3 Be6 8.
Be3 h5 9. a4 Be7 10. Qd2 Nbd7 11. a5 Rc8 12. Be2 h4 13. O-O h3 14. g3 Nh5
15. Na4 Qc7 16. Rfc1 Nhf6 17. c4 Nc5 18. Bxc5 dxc5 19. Nb6 Rd8 20. Qc3 O-O
21. Rd1 Rfe8 22. Nd2 Bf8 23. Nf1 g6 24. Ne3 Bh6 25. Ned5 Nxd5 26. cxd5 Bd7
27. b4 Bf8 28. Rac1 Rc8 29. d6 Bxd6 30. Qd2 Bb5 31. Bxb5 axb5 32. Nxc8 Bf8
33. Nb6 c4 34. Qd5 Bxb4 35. Qxb5 Qc5+ 36. Qxc5 Bxc5+ 37. Kf1 Bxb6 38. axb6
Rc8 39. Rd5 f6 40. Rb5 Kf7 41. Ke2 f5 42. Rxe5 Kf6 43. Ra5 Rc6 44. exf5 Rxb6
45. fxg6 Rb2+ 46. Ke3 Rxh2 47. Rxc4 Rb2 48. Rh4 h2 49. Rah5 Rb3+ 50. Ke2
Rb2+ 51. Kd1 Rg2 52. Rxh2 Rxg3 53. Rf2 Kxg6 54. Rb5 Rg1+ 55. Ke2 Rg3 56.
Rxb7 Kf5 57. Rb5+ Kf4 58. Rb4+ Kf5 59. f4 Ra3 60. Rf3 Ra2+ 61. Ke3 Ra3+ 62.
Kf2 Ra2+ 63. Kg3 Ra5 64. Re3 Ra6 65. Re5+ Kf6 66. Kg4 Rd6 67. Reb5 Kf7 68.
Rb7+ Kf6 69. R4b6 Re6 70. Rxe6+ Kxe6 71. f5+ Kf6 72. Rb6+ Kf7 73. Kg5 Kf8
74. Kg6 Kg8 75. f6 Kh8 76. Rb8# {Black checkmated} 1-0

[Event "ICC tourney 1921 (15 5)"]
[Site "Internet Chess Club"]
[Date "2020.07.17"]
[Round "2"]
[White "coolbaja"]
[Black "Pinkqueens"]
[Result "1-0"]
[ICCResult "Black checkmated"]
[WhiteElo "1431"]
[BlackElo "1447"]
[Opening "Evans gambit"]
[ECO "C51"]
[NIC "IG.05"]
[Time "13:27:46"]
[TimeControl "900+5"]

1. e4 e5 2. Nf3 Nc6 3. Bc4 Bc5 4. b4 Bxb4 5. c3 Bc5 6. d4 exd4 7. O-O dxc3
8. Bxf7+ Kxf7 9. Qd5+ Kf8 10. Qxc5+ Nge7 11. Nxc3 Kf7 12. Bg5 Rf8 13. Qc4+
Ke8 14. Nd5 Rf7 15. Bxe7 Rxe7 16. Nf6+ Kf8 17. Qg8# {Black checkmated} 1-0

[Event "ICC tourney 1921 (15 5)"]
[Site "Internet Chess Club"]
[Date "2020.07.17"]
[Round "2"]
[White "inbha"]
[Black "WCCJCS"]
[Result "0-1"]
[ICCResult "White checkmated"]
[WhiteElo "1446"]
[BlackElo "1619"]
[Opening "Sicilian: Smith-Morra gambit"]
[ECO "B21"]
[NIC "SI.48"]
[Time "13:28:15"]
[TimeControl "900+5"]

1. e4 c5 2. d4 cxd4 3. Qxd4 Nc6 4. Qd1 Nf6 5. Nc3 e6 6. Nf3 Bb4 7. Bd3 d6 8.
Kf1 O-O 9. Ke2 Bxc3 10. bxc3 d5 11. exd5 Nxd5 12. Re1 Nxc3+ 13. Kf1 Nxd1 14.
Rxd1 Qc7 15. Bb2 Bd7 16. Ng5 h6 17. Nf3 Nb4 18. c3 Nxd3 19. Rxd3 Bb5 20. Rd1
Bxd3+ 21. Rxd3 Qc4 22. Ke2 Rad8 23. Nd4 e5 24. Ke3 exd4+ 25. cxd4 Rfe8+ 26.
Kd2 Qb4+ 27. Bc3 Qb1 28. a3 Qa2+ 29. Kd1 Qxf2 30. Rd2 Re1+ 31. Kc2 Qf5+ 32.
Kb2 Qb1# {White checkmated} 0-1

[Event "ICC tourney 1921 (15 5)"]
[Site "Internet Chess Club"]
[Date "2020.07.17"]
[Round "2"]
[White "Frankiechess11"]
[Black "ChoppinHeadz"]
[Result "1-0"]
[ICCResult "Black resigns"]
[WhiteElo "1475"]
[BlackElo "1398"]
[Opening "Sicilian: Kan, 5.Nc3"]
[ECO "B43"]
[NIC "SI.41"]
[Time "13:28:22"]
[TimeControl "900+5"]

1. e4 c5 2. Nf3 e6 3. d4 cxd4 4. Nxd4 a6 5. Nc3 Qc7 6. Be3 Nf6 7. Be2 Bb4 8.
Bd3 d5 9. Bd2 Bxc3 10. Bxc3 dxe4 11. Be2 Nd5 12. Bd2 O-O 13. O-O Rd8 14. c3
e5 15. Nb3 e3 16. c4 exd2 17. cxd5 Rxd5 18. Bf3 Rd6 19. Qe2 Nc6 20. Nxd2 Nd4
21. Qxe5 Bd7 22. Rfe1 Rc8 23. Bxb7 Rb8 24. Nc4 Qxc4 25. Qxd6 Rxb7 26. Qxd7
{Black resigns}
1-0

[Event "ICC tourney 1921 (15 5)"]
[Site "Internet Chess Club"]
[Date "2020.07.17"]
[Round "2"]
[White "insatiable27"]
[Black "jnkut"]
[Result "1-0"]
[ICCResult "Black resigns"]
[WhiteElo "1401"]
[BlackElo "1538"]
[Opening "Sicilian: closed"]
[ECO "B23"]
[NIC "SI.44"]
[Time "13:27:44"]
[TimeControl "900+5"]

1. e4 c5 2. Nc3 g6 3. g3 Bg7 4. Bg2 e6 5. d3 Ne7 6. Be3 b6 7. Qd2 O-O 8. Bh6
Nbc6 9. h4 Nd4 10. h5 Nxc2+ 11. Qxc2 Bxh6 12. hxg6 Bg7 13. gxh7+ Kh8 14. f4
Ba6 15. O-O-O Rc8 16. Kb1 d5 17. g4 Nc6 18. exd5 Nd4 19. Qd2 exd5 20. Bxd5
Qf6 21. g5 Qd6 22. Be4 Rfe8 23. f5 {Black resigns} 1-0

[Event "ICC tourney 1921 (15 5)"]
[Site "Internet Chess Club"]
[Date "2020.07.17"]
[Round "2"]
[White "piplup0621"]
[Black "jvihaan"]
[Result "1-0"]
[ICCResult "Black resigns"]
[WhiteElo "1404"]
[BlackElo "1293"]
[Opening "Catalan: closed, 5.Nf3"]
[ECO "E06"]
[NIC "CA.04"]
[Time "13:27:57"]
[TimeControl "900+5"]

1. Nf3 d5 2. d4 Nf6 3. c4 e6 4. g3 Be7 5. Bg2 O-O 6. O-O c5 7. cxd5 Nxd5 8.
e4 Nf6 9. Nc3 Nc6 10. Be3 cxd4 11. Nxd4 Nxd4 12. Bxd4 Bd7 13. e5 Ne8 14.
Bxb7 Rb8 15. Be4 Rxb2 16. Qd3 g6 17. Rab1 Rxb1 18. Rxb1 f5 19. Bf3 Qc7 20.
Rb7 Qc8 21. Bxa7 Nc7 22. Bb6 Nd5 23. Nxd5 exd5 24. Bxd5+ Be6 25. Rc7
{Black resigns}
1-0

[Event "ICC tourney 1921 (15 5)"]
[Site "Internet Chess Club"]
[Date "2020.07.17"]
[Round "2"]
[White "pangpangba"]
[Black "brilliantnessme"]
[Result "0-1"]
[ICCResult "White resigns"]
[WhiteElo "1392"]
[BlackElo "1643"]
[Opening "Sicilian: Najdorf, Byrne (English) attack"]
[ECO "B90"]
[NIC "SI.14"]
[Time "13:27:56"]
[TimeControl "900+5"]

1. e4 c5 2. Nf3 d6 3. d4 cxd4 4. Nxd4 Nf6 5. Nc3 a6 6. Be3 e5 7. Nb3 Be7 8.
Bc4 Be6 9. Bd5 Qc7 10. f3 O-O 11. g4 Bxd5 12. exd5 b5 13. h4 b4 14. Ne4 Nxe4
15. fxe4 Nd7 16. Qd2 Qc4 17. Qg2 Nf6 18. Bg5 Rfc8 19. Bxf6 Bxf6 20. O-O-O a5
21. g5 Be7 22. Kb1 a4 23. Nc1 b3 24. axb3 axb3 25. Nxb3 Qa4 26. h5 Qa2+ 27.
Kc1 Qxb3 {White resigns} 0-1

[Event "ICC tourney 1921 (15 5)"]
[Site "Internet Chess Club"]
[Date "2020.07.17"]
[Round "2"]
[White "Mulan2009"]
[Black "Oliver0731"]
[Result "1-0"]
[ICCResult "Black resigns"]
[WhiteElo "1619"]
[BlackElo "1468"]
[Opening "Giuoco Pianissimo"]
[ECO "C55"]
[NIC "IG.01"]
[Time "13:27:47"]
[TimeControl "900+5"]

1. e4 e5 2. Nf3 Nc6 3. Bc4 Nf6 4. d3 Bc5 5. Be3 Bb6 6. Nc3 O-O 7. Bg5 h6 8.
Bh4 Ba5 9. Nd2 Bxc3 10. bxc3 d6 11. Qf3 g5 12. Bg3 Bg4 13. Qe3 d5 14. Bxd5
Nxd5 15. exd5 Qxd5 16. f3 Bh5 17. Ne4 f5 18. Qc5 Qe6 19. Nd2 b6 20. Qc4 Qxc4
21. Nxc4 f4 22. Bf2 Ne7 23. Nxe5 Nd5 24. Kd2 Bg6 25. Nxg6 Rfd8 26. Rae1 Kf7
27. Ne5+ Kf8 28. Ng4 h5 29. Ne5 c5 30. h4 g4 31. fxg4 hxg4 32. Nxg4 c4 33.
d4 b5 34. a3 a5 35. g3 b4 36. axb4 axb4 37. cxb4 fxg3 38. Bxg3 c3+ 39. Ke2
Nxb4 40. Rhf1+ Kg8 41. Nf6+ Kg7 42. Be5 Kg6 43. h5+ Kf7 44. Nd5+ Ke6 45.
Nxb4 Ra4 46. Rf6+ Ke7 47. Nc6+ Kd7 {Black resigns} 1-0